 Dungeon Crawl Stone Soup version 0.31-a0-167-g1c394c0614 (webtiles) character file.

Game seed: 9402326781368220948

15 qw the Shooter (level 2, -2/26 HPs)
             Began as a Naga Hunter on June 14, 2023.
             Slain by Terence
             ... wielding a +0 trident
              (7 damage)
             ... on level 2 of the Dungeon.
             The game lasted 00:00:14 (686 turns).

qw the Shooter (Naga Hunter)                         Turns: 686, Time: 00:00:14

Health: -2/26      AC:  2    Str: 13    XL:     2   Next: 50%
Magic:  2/2        EV:  9    Int:  9    God:
Gold:   62         SH:  0    Dex: 14    Spells: 1/1 levels left

rFire   . . .        Y - +0 shortbow
rCold   . . .        (shield currently unavailable)
rNeg    . . .        c - +0 leather armour
rPois   +            (no helmet)
rElec   .            (no cloak)
rCorr   .            (no gloves)
SInv    +            (no barding)
Will    .....        (no amulet)
Stlth   ++           (no ring)
HPRegen 0.24/turn    (no ring)
MPRegen 0.08/turn

%: no passive effects
@: short of breath, very slow
A: AC +0, large, see invisible, deformed body, poison resistance, slowness 2,
spit poison 1, naga tail 1
a: Spit Poison


You were on level 2 of the Dungeon.
You visited 1 branch of the dungeon, and saw 2 of its levels.

You collected 62 gold pieces.


Innate Abilities, Weirdness & Mutations

Your serpentine skin is tough. (AC +0)
You have supernaturally acute eyesight. (SInv)
Armour fits poorly on your strangely shaped body.
Your system is resistant to poisons. (rPois)
You cover ground very slowly.
You can spit poison.
You have a snake-like lower body.


   Skills:
 - Level 2.0 Fighting
 + Level 4.2 Ranged Weapons
 - Level 1.5 Dodging
 - Level 1.5 Stealth


You had one spell level left.
You didn't know any spells.
Your spell library was empty.

Inventory:

Hand Weapons
 Y - a +0 shortbow (weapon)
Armour
 c - a +0 leather armour (worn)

Dungeon Overview and Level Annotations

Branches:
Dungeon (2/15)

Altars:

Shops:
D:1 (

Annotations:
D:2 Terence


Message History

Terence is heavily wounded.
Terence looks more healthy.
Terence barely misses you.
You shoot an arrow. The arrow barely misses Terence.
Terence hits you from afar with a +0 trident.
You shoot an arrow. The arrow closely misses Terence.
You have got your breath back.
Terence completely misses you.
674 ||| INVOKING Spit Poison.
Aiming: Spit Poison (2% risk of failure)
Press: ? - help, Shift-Dir - straight line, f/p - Terence The splash of poison hits Terence.
Terence is almost dead.
Terence completely misses you.
You shoot an arrow. The arrow barely misses Terence.
Terence hits you from afar with a +0 trident.
You shoot an arrow. The arrow closely misses Terence.
Terence hits you from afar with a +0 trident!
Terence hits you from afar with a +0 trident.
You have got your breath back.
Terence misses you.
A goblin comes into view. It is wielding a +0 club.
Terence closely misses you.
Enter note: A goblin and a hobgoblin come into view.
The hobgoblin shouts!
An endoplasm comes into view.
Terence barely misses you.
685 ||| INVOKING Spit Poison.
Aiming: Spit Poison (2% risk of failure)
Press: ? - help, Shift-Dir - straight line, f/p - Terence The splash of poison misses Terence.
A kobold comes into view.
It is wielding a +1 short sword of venom.
Terence hits you from afar with a +0 trident.
You shoot an arrow. The endoplasm quivers.
The kobold shouts!
The arrow hits Terence.
Terence is almost dead.
Terence hits you from afar with a +0 trident!
You die...

.....##.>..######.#
######.##...........####
.......#...............#
#...>###.#..##..##.#
#.##.....#..##..# .#
#.##........##..# .#
#####.##........ #..# .#
................##@.##.#
####............@......#
#...........g##.##..# .
#..##...##... #.# ..#
.###..##...#.g.. #.# .#
..............J. ... ..
.#.#...#.###.... #.# ##
......#......K.. .##
.###<###........
............


You could see Terence, an endoplasm, a hobgoblin, a goblin and a kobold.

Vanquished Creatures
  A dart slug (D:2)
  An endoplasm (D:1)
  A goblin (D:1)
  3 hobgoblins (D:1)
  3 kobolds (D:1)
  2 bats (D:1)
  2 frilled lizards (D:1)
13 creatures vanquished.

Notes
Turn   | Place    | Note
-------+----------+-------------------------------------------
     0 | D:1      | qw the Naga Hunter began the quest for the Orb.
     0 | D:1      | Reached XP level 1. HP: 19/19 MP: 1/1
     0 | D:1      | 0 ||| qw: Version: 0.2-a-29-g1fa15c8
     0 | D:1      | 0 ||| qw: Game counter: 5027
     0 | D:1      | 0 ||| qw: Always use a shield: true
     0 | D:1      | 0 ||| qw: God list: Okawaru
     0 | D:1      | 0 ||| qw: Allow faded altars: false
     0 | D:1      | 0 ||| qw: Do Orc after D:15 true
     0 | D:1      | 0 ||| qw: Do second Lair branch before Depths: true
     0 | D:1      | 0 ||| qw: Lair rune preference: random
     0 | D:1      | 0 ||| qw: Plans: Normal
     0 | D:1      | 0 ||| PLANNING D:1-11
    50 | D:1      | 50 ||| INVOKING Spit Poison.
    66 | D:1      | 66 ||| INVOKING Spit Poison.
   139 | D:1      | 139 ||| INVOKING Spit Poison.
   219 | D:1      | 219 ||| INVOKING Spit Poison.
   222 | D:1      | Reached skill level 4 in Ranged Weapons
   222 | D:1      | Reached XP level 2. HP: 26/26 MP: 2/2
   262 | D:1      | 262 ||| INVOKING Spit Poison.
   293 | D:1      | 293 ||| INVOKING Spit Poison.
   294 | D:1      | 294 ||| INVOKING Spit Poison.
   331 | D:1      | 331 ||| INVOKING Spit Poison.
   521 | D:1      | Found Jyrchass's Weapon Shop.
   600 | D:1      | 600 ||| INVOKING Spit Poison.
   607 | D:1      | 607 ||| DROPPING ring of wizardry.
   608 | D:1      | 608 ||| READING scroll labelled HET ARIDIKEBB.
   612 | D:1      | 612 ||| READING scroll labelled YVOKHOPSASM.
   613 | D:1      | 613 ||| READING scroll labelled WAINTI HAIR.
   614 | D:1      | 614 ||| DROPPING scroll of butterflies.
   626 | D:2      | 626 ||| INVOKING Spit Poison.
   664 | D:2      | Noticed Terence
   665 | D:2      | 665 ||| INVOKING Spit Poison.
   668 | D:2      | 668 ||| INVOKING Spit Poison.
   674 | D:2      | 674 ||| INVOKING Spit Poison.
   676 | D:2      | HP: 6/26 [Terence/+0 trident (3)]
   685 | D:2      | 685 ||| INVOKING Spit Poison.
   685 | D:2      | HP: 5/26 [Terence/+0 trident (4)]
   686 | D:2      | Slain by Terence

Levels and vault maps discovered:
D:1:      dpeg_arrival_court, layout_loops_ring, serial_shops,
          nicolae_diamond_shop
D:2:      layout_loops_ring, ebering_ecumenical_altar_rust,
          chequers_serial_rivers_room_a, st_stairs_14, minmay_tromino_v4_b,
          uniq_terence

Skill      XL: |  1 |
---------------+----+-----
Ranged Weapons | 4 |  4.2
Fighting       | |  2.0
Dodging        | |  1.5
Stealth        | |  1.5

Action                     || total
---------------------------++-------
   Fire: Shortbow          ||    28
Ability: Spit Poison       ||    13
    Use: Scroll            ||     3
  Dodge: Dodged            ||    13

Table legend:
 A = Non-vault XP
 B = Vault XP
 C = Vault XP percentage of total XP
 D = Non-vault monster count
 E = Vault monster count
 F = Vault count percentage of total count
                 A         B        C        D         E       F
            +---------+---------+-------+---------+---------+-------
      Total |      22 |       0 |   0.0 |      13 |       0 |   0.0
            +---------+---------+-------+---------+---------+-------
        D:1 |      18 |       0 |   0.0 |      12 |       0 |   0.0
        D:2 |       4 |       0 |   0.0 |       1 |       0 |   0.0
            +---------+---------+-------+---------+---------+-------
